 Dungeon Crawl Stone Soup version 0.28.0-45-g0d030f2227 (webtiles) character file.

Game seed: 16069308745661483054

80 ultragoat the Firebug (level 4, 0/36 HPs)
             Began as a Hill Orc Fire Elementalist on Apr 15, 2022.
             Killed from afar by an orc wizard (8 damage)
             ... with a magic dart
             ... on level 3 of the Dungeon.
             The game lasted 00:14:31 (2558 turns).

ultragoat the Firebug (Hill Orc Fire Elementalist)  Turns: 2558, Time: 00:14:31

Health: 0/36       AC:  3    Str: 10    XL:     4   Next: 39%
Magic:  3/8        EV: 12    Int: 17    God:
Gold:   58         SH:  0    Dex: 11    Spells: 2/8 levels left

rFire   . . .      SeeInvis .   c - +4 dagger
rCold   . . .      Faith    .   (no shield)
rNeg    . . .      Spirit   .   a - +0 robe
rPois   .          Reflect  .   (no helmet)
rElec   .          Harm     .   (no cloak)
rCorr   .          Rampage  .   (no gloves)
Will    .....                   d - +0 pair of boots
Stlth   ++........              (no amulet)
HPRegen 0.12/turn               (no ring)
MPRegen 0.11/turn               (no ring)

@: no status effects
A: no striking features
a: no special abilities


You were on level 3 of the Dungeon.
You visited 1 branch of the dungeon, and saw 3 of its levels.

You collected 58 gold pieces.

Inventory:

Hand Weapons
 b - a +0 dagger
 c - a +4 dagger (weapon)
Armour
 a - a +0 robe (worn)
 d - a +0 pair of boots (worn)
Scrolls
 e - a scroll of immolation {unknown}
 f - a scroll of holy word {unknown}
 g - a scroll of teleportation {unknown}


   Skills:
 + Level 2.1 Fighting
 - Level 1.5 Dodging
 - Level 1.5 Stealth
 * Level 2.7 Spellcasting
 + Level 2.0 Conjurations
 - Level 3.2 Fire Magic


You had 2 spell levels left.
You knew the following spells:

 Your Spells              Type           Power      Damage    Failure   Level
a - Foxfire               Conj/Fire      44%        2x1d6     6%          1
b - Scorch                Fire           26%        2d6       7%          2
c - Conjure Flame         Conj/Fire      11%        6-21      19%         3

Your spell library contained the following spells:

 Spells                   Type           Power      Damage    Failure   Level
 Inner Flame              Hex/Fire       7%         N/A       28%         3
 Flame Wave               Conj/Fire      11%        2d5       52%         4


Dungeon Overview and Level Annotations

Branches:
Dungeon (3/15)

Altars:


Message History

Casting: Scorch (safe; 7% risk of failure)
Confirm with . or Enter, or press ? or * to list all spells.
Flames lash the orc.
The orc is heavily wounded.
The orc's fire resistance burns away.
The foxfire hits the orc.
The orc is burned terribly!
You kill the orc!
Casting: Scorch (safe; 7% risk of failure)
Confirm with . or Enter, or press ? or * to list all spells.
You conjure some foxfire!
The ball python bites you but does no damage.
The ball python barely misses you.
You barely miss the ball python.
The foxfire hits the ball python.
The ball python is moderately wounded.
The foxfire hits the ball python.
You kill the ball python!
The orc wizard points at you and mumbles some strange words.
The magic dart hits you!
Casting: Foxfire (safe; 6% risk of failure)
Confirm with . or Enter, or press ? or * to list all spells.
You don't have enough magic to cast this spell.
The orc wizard gestures at you while chanting.
The magic dart hits you!
The orc wizard gestures wildly while chanting.
The orc wizard flickers and vanishes!
Deactivating autopickup; reactivate with Ctrl-A.
A magic dart appears from out of thin air!
The magic dart hits you!
You are confused.
You bump into the rock wall.
You bump into the rock wall.
A puff of flame appears from out of thin air!
The puff of flame hits you!
* * * LOW HITPOINT WARNING * * *
You aren't carrying any potions.
You are too confused!
You feel less confused.
A magic dart appears from out of thin air!
The magic dart hits you!
You die...

###########################
...................{o.....#
........########@.###.....#
.........# ##.###.....#
...<.....###### ###.#.....#
................ #.......#
........######## ###.....#
.......## #..>..##.
.....### ##........ #.....#
#......##. #...#..#
##..#####


You could see an orc.

Vanquished Creatures
  A gnoll (D:1)
  3 adders (D:2)
  A worm (D:2)
  2 orcs (D:3)
  5 ball pythons
  2 bats
  3 endoplasms
  2 giant cockroaches (D:1)
  5 hobgoblins
  2 jackals (D:1)
  A quokka (D:2)
  3 frilled lizards
  3 goblins (D:1)
  3 kobolds
  2 rats (D:1)
38 creatures vanquished.

Vanquished Creatures (others)
  42 foxfires
  4 plants (D:2)
46 creatures vanquished.

Grand Total: 84 creatures vanquished

Notes
Turn   | Place    | Note
-------+----------+-------------------------------------------
     0 | D:1      | ultragoat the Hill Orc Fire Elementalist began the quest
                  | for the Orb.
     0 | D:1      | Reached XP level 1. HP: 14/14 MP: 3/3
   277 | D:1      | Reached XP level 2. HP: 22/22 MP: 2/4
   756 | D:1      | Reached skill level 1 in Fighting
  1489 | D:2      | Reached XP level 3. HP: 24/28 MP: 4/6
  1622 | D:2      | Learned a level 2 spell: Scorch
  1687 | D:2      | Found a faded altar of an unknown god.
  1934 | D:2      | Reached XP level 4. HP: 36/36 MP: 4/7
  2246 | D:2      | Learned a level 3 spell: Conjure Flame
  2558 | D:3      | Killed from afar by an orc wizard

Illustrated notes

Levels and vault maps discovered:
D:1:      dpeg_arrival_ternary, layout_basic
D:2:      layout_basic, hellmonk_ecumenical_altar_inner_sanctum,
          serial_bayou_pond_a
D:3:      cheibrodos_greedy_goblins, layout_rooms, makhleb_altar_promises_db

Skill      XL: |  1  2  3  4 |
---------------+-------------+-----
Spellcasting   | 2 |  2.7
Fighting       | 1 2 |  2.1
Conjurations   | 2 |  2.0
Dodging        | |  1.5
Stealth        | |  1.5
Fire Magic     | |  3.2

Action                   |  1- 3 |  4- 6 || total
-------------------------+-------+-------++-------
Melee: Unarmed           |    18 |       ||    18
       Dagger            |    44 |     8 ||    52
       Punch             |     1 |       ||     1
 Cast: Foxfire           |    22 |     4 ||    26
       Scorch            |     3 |    10 ||    13
  Use: Scroll            |     3 |       ||     3
 Stab: Sleeping          |     1 |       ||     1
Armor: Robe              |    10 |     2 ||    12
Dodge: Dodged            |    41 |     6 ||    47
